 Dungeon Crawl Stone Soup version 0.28.0-45-g0d030f2227 (webtiles) character file.

Game seed: 15020028830449392956

324 safid the Chopper (level 6, -6/52 HPs)
             Began as a Hill Orc Fighter on Apr 11, 2022.
             Was an Initiate of Beogh.
             Killed from afar by an orc wizard (11 damage)
             ... with a puff of flame
             ... on level 4 of the Dungeon.
             The game lasted 00:04:12 (2781 turns).

safid the Chopper (Hill Orc Fighter)                Turns: 2781, Time: 00:04:13

Health: -6/52      AC: 11    Str: 21    XL:     6   Next: 48%
Magic:  6/6        EV:  9    Int:  8    God:    Beogh [......]
Gold:   95         SH:  4    Dex: 10    Spells: 5/5 levels left

rFire   . . .      SeeInvis .   a - +0 war axe
rCold   . . .      Faith    .   c - +0 buckler
rNeg    . . .      Spirit   .   v - +0 plate armour
rPois   .          Reflect  .   (no helmet)
rElec   .          Harm     .   (no cloak)
rCorr   .          Rampage  .   (no gloves)
Will    +....                   (no boots)
Stlth   ..........              (no amulet)
HPRegen 0.17/turn               l - ring of willpower
MPRegen 0.10/turn               m - +4 ring of evasion

@: no status effects
A: no striking features
a: Renounce Religion


You were on level 4 of the Dungeon.
You worshipped Beogh.
Beogh was noncommittal.
You visited 1 branch of the dungeon, and saw 4 of its levels.

You collected 95 gold pieces.

Inventory:

Hand Weapons
 a - a +0 war axe (weapon)
Missiles
 i - 10 poisoned darts (quivered)
Armour
 c - a +0 buckler (worn)
 v - a +0 plate armour (worn)
Jewellery
 f - a ring of flight
 l - a ring of willpower (left hand)
 m - a +4 ring of evasion (right hand)
Wands
 t - a wand of digging (4)
Scrolls
 b - a scroll of magic mapping {unknown}
 e - 2 scrolls of enchant weapon {unknown}
 g - a scroll of torment {unknown}
 j - a scroll of blinking {unknown}
 k - 2 scrolls of identify {unknown}
 n - a scroll of enchant armour {unknown}
 o - a scroll of amnesia {unknown}
 p - 2 scrolls of holy word {unknown}
 w - a scroll of noise {unknown}
Potions
 d - a potion of might
 h - 3 potions of mutation {unknown}
 q - a potion of lignification {unknown}
 r - 3 potions of heal wounds {unknown}
 s - a potion of haste
 u - a potion of curing {unknown}


   Skills:
 - Level 4.0 Fighting
 + Level 7.7 Axes
 - Level 4.0 Armour
 - Level 4.0 Shields


You had 5 spell levels left.
You didn't know any spells.
Your spell library contained the following spells:

 Spells                   Type           Power      Damage    Failure   Level
 Slow                     Hex            0%         N/A       100%        1
 Confusing Touch          Hex            0%         N/A       100%        3
 Vampiric Draining        Necr           0%         2d6       100%        3


Dungeon Overview and Level Annotations

Branches:
Dungeon (4/15)
 Temple: D:4-7

Altars:
Cheibriados
Dithmenos
Vehumet


Message History

Unknown command.
You completely miss the orc. You barely miss something.
Something hits you but does no damage. You block the orc's attack.
Unknown command.
You slash the orc!
You kill the orc!
Beogh accepts your kill.
You hit something. Something hits you but does no damage.
Unknown command.
You miss something.
You hear some strange, mumbled words.
A puff of flame appears from out of thin air!
The puff of flame hits you.
Unknown command.
You miss something. Something hits you.
Unknown command.
You closely miss something. Something hits you but does no damage.
Something hits you.
* * * LOW HITPOINT WARNING * * *
You miss something. Something hits you but does no damage.
You closely miss something.
You hear some strange, mumbled words.
A magic dart appears from out of thin air!
The magic dart hits you but does no damage.
You miss something. You block something's attack.
You barely miss something.
You hear some strange, mumbled words.
A magic dart appears from out of thin air!
The magic dart hits you.
* * * LOW HITPOINT WARNING * * *
You barely miss something.
You hear some strange, mumbled words.
A puff of flame appears from out of thin air!
The puff of flame hits you.
* * * LOW HITPOINT WARNING * * *
You hear some strange, mumbled words.
A puff of flame appears from out of thin air!
The puff of flame hits you!
You die...
Beogh appreciates something's killing of a heretic priest.

[...... ##.>..
...... #.#....##
##....###........
#.....#.........
##.....#.... ...
...##....#.#..#
.........#.#..##
.#......#.{)...#>.
..#....<##@.......
#.....###)......
####### #......
...... ..... .....
...$ ....


There were no monsters in sight!

Vanquished Creatures
  Sigmund (D:2)
  An orc priest (D:4)
  An orc wizard (D:4)
  Robin (D:2)
  2 adders
  2 worms (D:3)
  6 orcs
  9 bats
  3 endoplasms
  A giant cockroach (D:3)
  11 goblins
  9 hobgoblins
  3 jackals (D:2)
  4 ball pythons
  A frilled lizard (D:1)
  8 kobolds
  12 rats
75 creatures vanquished.

Vanquished Creatures (others)
  An adder zombie (D:3)
  A quokka (D:3)
  3 bats (D:3)
5 creatures vanquished.

Grand Total: 80 creatures vanquished

Notes
Turn   | Place    | Note
-------+----------+-------------------------------------------
     0 | D:1      | safid the Hill Orc Fighter began the quest for the Orb.
     0 | D:1      | Reached XP level 1. HP: 19/19 MP: 1/1
   181 | D:1      | Reached skill level 3 in Axes
   181 | D:1      | Reached XP level 2. HP: 27/27 MP: 2/2
   496 | D:1      | Reached XP level 3. HP: 33/33 MP: 3/3
  1045 | D:2      | Found a radiant altar of Vehumet.
  1242 | D:2      | Noticed Sigmund
  1250 | D:2      | Killed Sigmund
  1251 | D:2      | Reached skill level 6 in Axes
  1251 | D:2      | Reached XP level 4. HP: 13/40 MP: 4/4
  1251 | D:2      | Reached XP level 5. HP: 15/46 MP: 5/5
  1468 | D:2      | Noticed Robin
  1505 | D:2      | Killed Robin
  1525 | D:2      | Reached XP level 6. HP: 50/52 MP: 6/6
  1749 | D:3      | Became a worshipper of Beogh the Brigand
  1999 | D:3      | Found a faded altar of an unknown god.
  2002 | D:3      | Reached skill level 7 in Axes
  2368 | D:3      | Found a snail-covered altar of Cheibriados.
  2461 | D:3      | Found a shadowy altar of Dithmenos.
  2781 | D:4      | Killed from afar by an orc wizard

Illustrated notes

Levels and vault maps discovered:
D:1:      lightli_arrival_quake, layout_basic, minmay_rat_gold_closets
D:2:      layout_basic, basic_altar, uniq_sigmund, uniq_robin
D:3:      layout_loops_ring, nicolae_overflow_hidden_temple,
          cheibrodos_worm_habitat, ebering_ecumenical_altar_webs,
          kennysheep_minor_cross, amcnicky_mini_pool_small,
          minmay_quadrilaterals
D:4:      layout_cave_pools, lightli_ossuary_entry_decrepit_ruins

Skill      XL: |  1  2  3  4  5  6 |
---------------+-------------------+-----
Axes           | 3 6 7 |  7.7
Fighting       | 4 |  4.0
Armour         | 4 |  4.0
Shields        | 4 |  4.0

Action                   |  1- 3 |  4- 6 || total
-------------------------+-------+-------++-------
Melee: War axe           |    93 |   121 ||   214
Throw: Dart              |       |     1 ||     1
Invok: Convert to Beogh  |       |     1 ||     1
Armor: Scale mail        |    46 |    23 ||    69
       Plate armour      |       |    39 ||    39
Dodge: Dodged            |    42 |    59 ||   101
Block: Buckler           |    31 |    23 ||    54
